 Dungeon Crawl Stone Soup version 0.29-a0-392-g297d3b089c (webtiles) character file.

Game seed: 15397481727844974789

114 gimp the Cutter (level 5, -1/39 HPs)
             Began as a Formicid Wanderer on May 9, 2022.
             Slain by a gnoll
             ... wielding a +0 vampiric halberd
              (9 damage)
             ... on level 4 of the Dungeon.
             The game lasted 00:06:10 (4479 turns).

gimp the Cutter (Formicid Wanderer)                 Turns: 4479, Time: 00:06:11

Health: -1/39      AC:  8    Str: 19 (21) XL:     5   Next: 18%
Magic:  8/8        EV:  7    Int:  4 (7)  God:
Gold:   125        SH:  0    Dex:  7 (10) Spells: 7/8 levels left

rFire   . . .      SeeInvis +   b - +1 dagger (venom)
rCold   . . .      Faith    .   (no shield)
rNeg    . . .      Spirit   .   p - +0 chain mail
rPois   .          Reflect  .   (helmet unavailable)
rElec   .          Harm     .   (no cloak)
rCorr   .          Rampage  .   (no gloves)
Will    +....                   (no boots)
Stlth   ..........              (no amulet)
HPRegen 0.13/turn               (no ring)
MPRegen 0.11/turn               (no ring)

@: no status effects
A: permanent stasis, dig shafts and tunnels, antennae 3, four strong arms,
talons 1, dopey 1, strong-willed 1
a: Dig, Shaft Self


You were on level 4 of the Dungeon.
You visited 1 branch of the dungeon, and saw 4 of its levels.

You collected 180 gold pieces.
You spent 55 gold pieces at shops.

Inventory:

Hand Weapons
 a - a +0 hand axe
 b - a +1 dagger of venom (weapon)
 k - a +0 war axe
Missiles
 l - 6 poisoned darts
 n - a throwing net
Armour
 f - a +0 kite shield
 p - a +0 chain mail (worn)
Scrolls
 h - a scroll of blinking {unknown}
 j - 2 scrolls of fear
 o - 2 scrolls of identify
 q - 2 scrolls of fog {unknown}
Potions
 c - a potion of flight {unknown}
 d - a potion of might {unknown}
 m - a potion of haste
Miscellaneous
 g - a piece from Xom's chessboard (15/15)


   Skills:
 + Level 2.5 Fighting
 - Level 4.0 Short Blades
 * Level 3.5 Axes
 - Level 1.1 Armour
 - Level 1.0 Dodging
 - Level 2.1 Spellcasting
 - Level 1.2 Earth Magic
 - Level 1.1 Evocations


You had 7 spell levels left.
You knew the following spells:

 Your Spells              Type           Power      Damage    Failure   Level
a - Sandblast             Erth           2%         2d4       98%         1

Your spell library contained the following spells:

 Spells                   Type           Power      Damage    Failure   Level
 Stone Arrow              Conj/Erth      0%         3d7       100%        3


Dungeon Overview and Level Annotations

Branches:
Dungeon (4/15)
 Temple: D:4-7

Altars:

Shops:
D:1 (   D:3 ?((?


Innate Abilities, Weirdness & Mutations

You cannot be hasted, slowed, berserked, paralysed or teleported.
You can dig through walls and to a lower floor.
You have a pair of large antennae on your head. (SInv)
Your four strong arms can wield two-handed weapons with a shield.
You have sharp toenails.
You are dopey. (Int -2)
You are strong-willed. (Will+)


Message History

You climb downwards.
There is a stone staircase leading up here.
The gnoll barely misses you.
There is a stone staircase leading up here.
The gnoll enters a dispersal trap!
The orc blinks! x2; The orc priest blinks!
The gnoll blinks!
The orc priest blinks!
The orc blinks! x2
You feel a strange sense of stasis.
The gnoll blinks!
You hit the orc priest.
The orc priest is poisoned.
The orc priest is lightly wounded.
The orc priest closely misses you.
You hit the orc priest. Your kick misses the orc priest.
The orc priest is moderately wounded.
The orc priest invokes the aid of Beogh against you.
You resist with some effort.
You hit the orc priest. You claw the orc priest.
The orc priest is heavily wounded.
The gnoll enters a dispersal trap!
The orc priest blinks!
The gnoll blinks!
You feel a strange sense of stasis.
The gnoll blinks!
The orc priest enters a dispersal trap!
The gnoll blinks! x3
You feel a strange sense of stasis.
The orc priest blinks!
There is a stone staircase leading up here.
The gnoll hits you from afar with a +0 vampiric halberd.
There is a stone staircase leading up, spattered with blood here.
You take 3 damage, and have 36/39 hp.
The orc priest barely misses you.
You closely miss the orc priest.
The orc priest is heavily wounded.
The orc priest invokes the aid of Beogh against you.
Beogh smites you! The gnoll closely misses you.
You take 15 damage, and have 22/39 hp.
MASSIVE DAMAGE!!
The orc priest attacks as you move away!
The orc priest hits you but does no damage.
The gnoll hits you from afar with a +0 vampiric halberd!
There is a stone staircase leading up here.
You take 10 damage, and have 12/39 hp.
MASSIVE DAMAGE!!
The orc hits you with a +0 dagger.
* * * LOW HITPOINT WARNING * * *
The orc priest barely misses you.
The gnoll hits you from afar with a +0 vampiric halberd!
You die...

....g.. #...#
#...... #...#
#...... #...#
#...... #...#
#......###...#
#............#
#............#
#........g^oo#
#........g.@##
#........<###
#.....#####
#....# .....
.... .!..


You could see an orc priest (poisoned), 2 gnolls and an orc.

Vanquished Creatures
  4 gnolls
  A worm (D:2)
  A dart slug (D:2)
  3 orcs (D:3)
  3 bats
  3 endoplasms
  3 giant cockroaches
  10 goblins
  10 hobgoblins
  5 jackals
  4 quokkas
  5 ball pythons
  3 kobolds
  4 rats
59 creatures vanquished.

Notes
Turn   | Place    | Note
-------+----------+-------------------------------------------
     0 | D:1      | gimp the Formicid Wanderer began the quest for the Orb.
     0 | D:1      | gimp set off with the following items: a +0 rapier, a piece
                  | from Xom's chessboard (15/15), a potion of heal wounds, 35
                  | stones, a +0 leather armour; and the following spell
                  | memorised: Sandblast; and the following spells available to
                  | memorise: Stone Arrow
     0 | D:1      | Reached XP level 1. HP: 13/13 MP: 3/3
   173 | D:2      | Reached skill level 1 in Axes
   174 | D:2      | Reached XP level 2. HP: 10/20 MP: 5/5
   414 | D:2      | Reached skill level 1 in Fighting
   831 | D:2      | Reached XP level 3. HP: 24/26 MP: 6/6
   942 | D:3      | Found Xamaiz's Weapon Emporium.
   973 | D:3      | Found Orakidyu's Magic Scroll Shop.
   981 | D:3      | Bought a scroll of fear for 35 gold pieces
  1134 | D:3      | Bought a scroll of identify for 20 gold pieces
  1511 | D:3      | Found Jonyrph's Magic Scroll Boutique.
  1889 | D:3      | Found Zuhaotz's Antique Weapon Shoppe.
  2298 | D:3      | Reached XP level 4. HP: 14/32 MP: 7/7
  3665 | D:1      | Found a faded altar of an unknown god.
  3713 | D:1      | Found Roliqaoh's Antique Weapon Shop.
  3844 | D:1      | Gained mutation: You are strong-willed. (Will+) [potion of
                  | mutation]
  3844 | D:1      | Gained mutation: You have sharp toenails. [potion of
                  | mutation]
  3844 | D:1      | Gained mutation: You are dopey. (Int -2) [potion of
                  | mutation]
  4106 | D:1      | Reached XP level 5. HP: 37/39 MP: 8/8
  4479 | D:4      | Slain by a gnoll

Illustrated notes

Levels and vault maps discovered:
D:1:      dpeg_arrival_yet_another_circle, layout_loops_ring,
          hellmonk_ecumenical_altar_arch_garden, serial_shops, shop
D:2:      layout_loops_ring
D:3:      layout_basic, serial_shops, shop_statue,
          nicolae_shop_bloodbath_and_beyond, shop_fountains,
          nicolae_lakefront_shop, minmay_goblin_kobold_house
D:4:      layout_layer_cave, lemuel_tele_altar, old_standard_altar,
          lemuel_old_faithful

Skill      XL: |  1  2  3  4 |
---------------+-------------+-----
Axes           | 1 2 3 |  3.5
Fighting       | 1 2 |  2.5
Short Blades   | |  4.0
Armour         | |  1.1
Dodging        | |  1.0
Spellcasting   | |  2.1
Earth Magic    | |  1.2
Evocations     | |  1.1

Action                   |  1- 3 |  4- 6 || total
-------------------------+-------+-------++-------
Melee: Rapier            |   145 |    67 ||   212
       Dagger            |       |    29 ||    29
       Kick              |       |     5 ||     5
 Abil: Dig               |     1 |       ||     1
Evoke: Piece from Xom's  |     1 |       ||     1
  Use: Potion            |     1 |     5 ||     6
       Scroll            |     2 |       ||     2
Armor: Ring mail         |    53 |    31 ||    84
       Leather armour    |     1 |       ||     1
       Chain mail        |       |     1 ||     1
Dodge: Dodged            |    70 |    47 ||   117
Block: Kite shield       |     2 |     3 ||     5

Table legend: (Time is in decaauts)
 A = Elapsed time spent in this place.
 B = Non-inter-level travel time spent in this place.
 C = Inter-level travel time spent in this place.
 D = Time resting spent in this place.
 E = Time spent auto-exploring this place.
 F = Levels seen in this place.
 G = Mean time per level.
                   A        B        C        D        E       F      G
               +--------+--------+--------+--------+--------+-----+--------+
         Total |   4484 |   4343 |    141 |    687 |   2820 |   4 | 1121.0 |
       Dungeon |   4484 |   4343 |    141 |    687 |   2820 |   4 | 1121.0 |
               +--------+--------+--------+--------+--------+-----+--------+

Top non-repeatable levels by time:
     D:3: 1886 daAuts
     D:2: 1555 daAuts
     D:1: 1014 daAuts
     D:4: 27 daAuts
